 Dungeon Crawl Stone Soup version 0.30-a0-930-gb9d0489357 (webtiles) character file.

Game seed: 4502932680332522247

4 MachoJfn the Insei (level 1, -4/17 HPs)
             Began as a Djinni Transmuter on Mar 23, 2023.
             Frozen to death by an endoplasm (6 damage)
             ... on level 1 of the Dungeon.
             The game lasted 00:00:49 (79 turns).

MachoJfn the Insei (Djinni Transmuter)                Turns: 79, Time: 00:00:49

Health: -4/17      AC:  2    Str:  9    XL:     1   Next: 66%
Gold:   22         EV: 12    Int: 14    God:
                   SH:  5    Dex: 13

rFire   + + .      SeeInvis .      - Unarmed
rCold   x . .      Faith    .    (no shield)
rNeg    . . .      Spirit   .    a - +0 robe
rPois   ∞          Reflect  +    (helmet currently unavailable)
rElec   .          Rampage  .    (no cloak)
rCorr   .                        (no gloves)
Will    .....                    (boots unavailable)
Stlth   +                        d - amulet of reflection
HPRegen 0.22/turn                (no ring)
MPRegen 0.00/turn                (no ring)

@: appendages, flying
A: horns 2, flying, sickness immunity, fire resistance 2, cold vulnerability 1,
float, innate caster, HP casting, extra vitality 1
a: End Transformation


You were on level 1 of the Dungeon.
You had temporarily grown beastly horns.
You visited 1 branch of the dungeon, and saw 1 of its levels.

You collected 22 gold pieces.

Inventory:

Armour
 a - a +0 robe (worn)
 c - an orb of energy
Jewellery
 d - an amulet of reflection (around neck)
Potions
 b - a potion of lignification


   Skills:
 + Level 1.0 Fighting
 + Level 2.3 Dodging
 + Level 3.2 Unarmed Combat
 + Level 1.5 Spellcasting


You knew the following spells:

 Your Spells              Type           Power      Damage    Failure   Level
a - Beastly Appendage     Tmut           10%        N/A       13%         1
b - Wereblood             Tmut           5%         N/A       21%         2
c - Spider Form           Tmut/Pois      5%         N/A       36%         3
d - Ice Form              Ice/Tmut       5%         N/A       78%         4
Your spell library was empty.

Dungeon Overview and Level Annotations

Branches:
Dungeon (1/15)

Altars:


Innate Abilities, Weirdness & Mutations

You have temporarily grown beastly horns.
You are flying.
You are immune to sickness and miasma.
You are immune to poison.
Your flesh is very heat resistant. (rF++)
You are vulnerable to cold. (rC-)
You float through the air rather than walking.
You learn spells naturally, not from books.
Your magical power is your life essence.
You have superior vitality. (+4 MHP)


Message History

Confirm with . or Enter, or press ? or * to list all spells.
You miscast Beastly Appendage.
You are very lightly contaminated with residual magic.
Nothing appears to happen.
The giant cockroach bites you but does no damage.
You hit the giant cockroach but do no damage.
The giant cockroach bites you but does no damage.
You closely miss the giant cockroach. The giant cockroach bites you.
The endoplasm freezes you.
You are frozen.
You feel a terrible chill! The giant cockroach closely misses you.
You hit the endoplasm but do no damage. The endoplasm hits you.
You block the giant cockroach's attack.
You hit the endoplasm but do no damage.
The endoplasm hits you but does no damage.
The giant cockroach bites you. The endoplasm completely misses you.
You hit the endoplasm. You punch the endoplasm.
The endoplasm is almost dead.
The giant cockroach barely misses you. The endoplasm barely misses you. x2
You hit the endoplasm.
You kill the endoplasm!
The giant cockroach bites you but does no damage.
The endoplasm freezes you.
You are frozen.
You feel a terrible chill!
* * * LOW HITPOINT WARNING * * *
Casting: Beastly Appendage (safe; 13% risk of failure)
Confirm with . or Enter, or press ? or * to list all spells.
You grow a pair of large bovine horns.
* * * LOW HITPOINT WARNING * * *
You block the giant cockroach's attack.
The endoplasm jiggles.
You block the endoplasm's attack.
Your magical contamination has completely faded away.
You hit the endoplasm.
The endoplasm is heavily wounded.
The giant cockroach bites you.
* * * LOW HITPOINT WARNING * * *
The endoplasm freezes you.
You are frozen.
You feel a terrible chill!
You die...

#............##+#
#............#
########..............
......#...........##..
...................
...
...................
##.##.............. #
[#.#............
.......@........
###...#B.J.......
#...............
...#.).....#....
...#............ .
#............
#...........
#...........


You could see an endoplasm and a giant cockroach.

Vanquished Creatures
  An endoplasm (D:1)
  A goblin (D:1)
  A hobgoblin (D:1)
3 creatures vanquished.

Notes
Turn   | Place    | Note
-------+----------+-------------------------------------------
     0 | D:1      | MachoJfn the Djinni Transmuter began the quest for the Orb.
     0 | D:1      | MachoJfn set off with the following spells memorised:
                  | Beastly Appendage, Wereblood, Spider Form, Ice Form.
     0 | D:1      | Reached XP level 1. HP: 17/17 MP: 0/0
    79 | D:1      | Frozen to death by an endoplasm

Illustrated notes

Levels and vault maps discovered:
D:1:      tarquinn_simple_flora_water_e, layout_rooms

Action                     || total
---------------------------++-------
  Melee: Unarmed           ||    14
         Punch             ||     2
   Cast: Beastly Appendage ||     2
 Armour: Robe              ||     5
  Dodge: Dodged            ||     7
  Block: Other             ||     4

Table legend: (Time is in decaauts)
 A = Elapsed time spent in this place.
 B = Non-inter-level travel time spent in this place.
 C = Inter-level travel time spent in this place.
 D = Time resting spent in this place.
 E = Time spent auto-exploring this place.
 F = Levels seen in this place.
 G = Mean time per level.
                   A        B        C        D        E       F      G
               +--------+--------+--------+--------+--------+-----+--------+
         Total |     78 |     67 |     11 |     20 |      6 |   1 |   78.0 |
       Dungeon |     78 |     67 |     11 |     20 |      6 |   1 |   78.0 |
               +--------+--------+--------+--------+--------+-----+--------+

Top non-repeatable levels by time:
     D:1: 78 daAuts
